 Dungeon Crawl Stone Soup version 0.31-a0-1598-g94871bc2e8 (webtiles) character file.

Game seed: 3812675925223424391

417 Flugslaktarn the Apothecary (level 6, -6/36 HPs)
             Began as an Octopode Alchemist on Jan 7, 2024.
             Was a Follower of Ashenzari.
             Killed by divine providence
             ... invoked by an orc priest
              (10 damage)
             ... on level 6 of the Dungeon.
             The game lasted 00:03:46 (1783 turns).

Flugslaktarn the Apothecary (Octopode Alchemist)    Turns: 1783, Time: 00:03:47

Health: -6/36      AC:  5    Str:  7    XL:     6   Next: 93%
Magic:  4/13       EV: 13    Int: 20    God:    Ashenzari [*.....]
Gold:   196        SH:  0    Dex: 12    Spells: 6/15 levels left

rFire   . . .        c - +0 dagger of Supernal Knowledge {Self, Fort} (curse)
rCold   . . .        (no shield)
rNeg    . . .        (helmet restricted)
rPois   .            (no amulet)
rElec   .            f - ring "Apathy of Ashenzari" {Fly, Melee, Self} (curse)
rCorr   .            p - +4 ring of protection
SInv    .            (no ring)
Will    .....        (no ring)
Stlth   +++          (no ring)
HPRegen 0.26/turn    (no ring)
MPRegen 0.13/turn    (no ring)
                     (no ring)

%: no passive effects
@: flying
A: almost no armour, amphibious, 8 rings, camouflage 1, gelatinous body 1,
(nimble swimmer 1), tentacles
a: Renounce Religion, Curse Item, Shatter the Chains


You were on level 6 of the Dungeon.
You worshipped Ashenzari.
Ashenzari was aware of your devotion.
You visited 1 branch of the dungeon, and saw 6 of its levels.

You collected 196 gold pieces.

Inventory:

Hand Weapons
 c - the cursed +0 dagger of Supernal Knowledge (weapon) {Self, Fort}
   (You found it on level 1 of the Dungeon)

   It has a curse which improves the following skills: Introspection: Fighting
   and Spellcasting.
   Fortitude: Shields.
Jewellery
 f - the cursed ring "Apathy of Ashenzari" (left tentacle) {Fly, Melee, Self}
   (You found it on level 3 of the Dungeon)

   [ring of flight]

   Fly:       It grants you flight.
   It has a curse which improves the following skills: Melee Combat: Short
   Blades, Long Blades, Axes, Maces & Flails, Polearms, Staves and Unarmed
   Combat.
   Introspection: Fighting and Spellcasting.
 g - a ring of ice
   (You found it on level 4 of the Dungeon)
 p - a +4 ring of protection (right tentacle)
   (You found it on level 4 of the Dungeon)
Scrolls
 b - a scroll of silence
 d - 2 scrolls of fear
 e - a scroll of poison
 h - a scroll of enchant armour
 i - 2 scrolls of amnesia
 k - a scroll of enchant weapon
 r - 3 scrolls of identify
 t - a scroll of teleportation
 z - a scroll of blinking
Potions
 a - a potion of magic
 j - 2 potions of enlightenment
 q - 2 potions of curing
 w - a potion of heal wounds


   Skills:
 - Level 2.0 Dodging
 - Level 2.6 Stealth
 - Level 3.8(5.0) Spellcasting
 - Level 1.0 Conjurations
 + Level 1.7 Fire Magic
 * Level 6.8 Alchemy


You had 6 spell levels left.
You knew the following spells:

 Your Spells              Type           Power      Damage    Failure   Level
a - Sting                 Conj/Alch      80%        1d8       2%          1
b - Olgreb's Toxic Radia  Alch           32%        N/A       7%          4
c - Sticky Flame          Fire/Alch      22%        2d6       21%         4

Your spell library contained the following spells:

 Spells                   Type           Power      Damage    Failure   Level
 Mercury Vapours          Alch/Air       36%        N/A       4%          2
 Freeze                   Ice            20%        1d4       12%         1
 Mephitic Cloud           Conj/Alch/Air  15%        N/A       12%         3
 Momentum Strike          Conj/Tloc      14%        3d8       14%         2
 Blink                    Tloc           10%        N/A       17%         2
 Lesser Beckoning         Tloc           10%        N/A       17%         2
 Hailstorm                Conj/Ice       7%         3d5       28%         3
 Frozen Ramparts          Ice            10%        1d2       34%         3


Dungeon Overview and Level Annotations

Branches:
Dungeon (6/15)             Temple (0/1) D:5

Altars:
Ashenzari
Qazlal
Yredelemnul

Annotations:
D:3 Ijyb


Innate Abilities, Weirdness & Mutations

You cannot wear most types of armour.
You are amphibious.
You can wear up to eight rings at the same time.
Your skin changes colour to match your surroundings (Stealth+).
Your rubbery body absorbs attacks. (AC +1, EV +1)
((You are camouflaged when in or above water. (Stealth+)))
You have tentacles for arms and can constrict up to eight enemies at once.


Message History

Press: ? - help, Shift-Dir - straight line, f/p - adder
Aim: an adder (heavily wounded, poisoned, 60% to hit)
The sting hits the adder.
The adder looks even sicker.
The adder is severely wounded.
The adder barely misses you.
You hit the adder.
You kill the adder!
Training target 5.0 for Spellcasting reached!
You see here an adder corpse.
Found a scroll of fear.
Magic restored.
There is a stone staircase leading down here.
You fly downwards.
The centaur shouts!
You hear a shout! x2
Found a staff of fire and a potion of brilliance.
There is a stone staircase leading up here.
A centaur is nearby!
The centaur wields a +0 shortbow.
The centaur shoots an arrow.
The arrow hits you!
You fly upwards.
There is a stone staircase leading down here.
HP restored.
d - 2 scrolls of fear (gained 1)
There is a stone staircase leading down here.
You fly downwards.
The orc priest shouts!
You hear a shout!
Found 2 stones.
Found a stone staircase leading down.
There is a stone staircase leading up here.
Unknown command.
Casting: Sting (safe; 2% risk of failure)
Confirm with . or Enter, or press ? or * to list all spells.
You miscast Olgreb's Toxic Radiance.
You are very lightly contaminated with residual magic.
Nothing appears to happen.
The orc priest invokes the aid of Beogh against you.
Beogh smites you!
Casting: Olgreb's Toxic Radiance (quite dangerous; 8% risk of failure)
Confirm with . or Enter, or press ? or * to list all spells.
Aiming: Sting (safe; 2% risk of failure)
Press: ? - help, Shift-Dir - straight line, f - orc priest
Aim: an orc priest, wielding a +0 club (76% to hit)
The sting hits the orc priest.
The orc priest is poisoned.
The orc priest is moderately wounded.
The orc priest mumbles some strange prayers to Beogh against you.
You barely resist.
Casting: Sting (safe; 2% risk of failure)
Confirm with . or Enter, or press ? or * to list all spells.
Aiming: Sting (safe; 2% risk of failure)
Press: ? - help, Shift-Dir - straight line, f/p - orc priest
Aim: an orc priest, wielding a +0 club (heavily wounded, poisoned, 76% to hit)
The sting hits the orc priest.
The orc priest looks even sicker.
The orc priest is almost dead.
An orc priest comes into view. It is wielding a +0 whip.
Casting: Sting (safe; 2% risk of failure)
Confirm with . or Enter, or press ? or * to list all spells.
Aiming: Sting (safe; 2% risk of failure)
Press: ? - help, Shift-Dir - straight line, f/p - orc priest
Aim: an orc priest, wielding a +0 club (almost dead, very poisoned, 76% to hit)
The sting hits the orc priest.
The orc priest looks even sicker.
You kill the orc priest!
Casting: Sting (safe; 2% risk of failure)
Confirm with . or Enter, or press ? or * to list all spells.
You can't see any susceptible monsters within range! (Use Z to cast anyway.)
Casting: Sting (safe; 2% risk of failure)
Confirm with . or Enter, or press ? or * to list all spells.
You can't see any susceptible monsters within range! (Use Z to cast anyway.)
An orc comes into view. It is wielding a +0 flail.
The orc priest mumbles some strange prayers to Beogh against you.
Beogh smites you!
* * * LOW HITPOINT WARNING * * *
Casting: Sting (safe; 2% risk of failure)
Confirm with . or Enter, or press ? or * to list all spells.
Aiming: Sting (safe; 2% risk of failure)
Press: ? - help, Shift-Dir - straight line, f - orc priest
Aim: an orc priest, wielding a +0 whip (76% to hit)
The sting misses the orc priest.
The orc shouts!
Casting: Sting (safe; 2% risk of failure)
Confirm with . or Enter, or press ? or * to list all spells.
Aiming: Sting (safe; 2% risk of failure)
Press: ? - help, Shift-Dir - straight line, f/p - orc priest
Aim: an orc priest, wielding a +0 whip (76% to hit)
The sting hits the orc priest.
The orc priest is poisoned.
The orc priest is moderately wounded.
An orc comes into view. It is wielding a +0 hand axe.
Casting: Sting (safe; 2% risk of failure)
Confirm with . or Enter, or press ? or * to list all spells.
Aiming: Sting (safe; 2% risk of failure)
Press: ? - help, Shift-Dir - straight line, f/p - orc priest
Aim: an orc priest, wielding a +0 whip (moderately wounded, poisoned, 76% to hit)
The sting hits the orc priest!
The orc priest looks even sicker.
The orc priest is almost dead.
The orc shouts!
The orc priest invokes the aid of Beogh against you.
Pain shoots through your body!
* * * LOW HITPOINT WARNING * * *
Your magical contamination has completely faded away.
The orc priest calls down the wrath of Beogh upon you.
Beogh smites you!
You die...

.># ##.# #..#
#..# # #..#
..#.###..######
..o..o........#
#...o..@<#
..(####..##
#..# #..# ....
...... .###.##
#. #.# # #.#


You could see an orc priest (very poisoned) and 2 orcs.

Vanquished Creatures
  A scorpion (D:5)
  An orc priest (D:6)
  2 hounds
  A sleepcap (D:5)
  An iguana (D:4)
  2 orc wizards (D:5)
  8 adders
  4 gnolls (D:4)
  2 dart slugs
  2 ribbon worms
  5 orcs
  4 endoplasms
  2 giant cockroaches (D:2)
  6 goblins
  3 hobgoblins
  2 jackals (D:2)
  3 quokkas
  4 ball pythons
  A bat (D:2)
  A frilled lizard (D:2)
  3 kobolds (D:4)
  A rat (D:2)
  A spectral orc (D:4)
60 creatures vanquished.

Notes
Turn   | Place    | Note
-------+----------+-------------------------------------------
     0 | D:1      | Flugslaktarn the Octopode Alchemist began the quest for the
                  | Orb.
     0 | D:1      | Reached XP level 1. HP: 11/11 MP: 3/3
   146 | D:2      | Reached XP level 2. HP: 16/17 MP: 0/5
   181 | D:2      | Found a faded altar of an unknown god.
   188 | D:2      | Reached skill level 4 in Alchemy
   191 | D:2      | Prayed at the altar of an unknown god.
   191 | D:2      | Became a worshipper of Ashenzari the Shackled
   227 | D:2      | Reached XP level 3. HP: 12/21 MP: 0/7
   375 | D:3      | Reached XP level 4. HP: 27/27 MP: 3/8
   462 | D:3      | Reached * piety under Ashenzari
   505 | D:4      | Learned a level 4 spell: Olgreb's Toxic Radiance
   615 | D:4      | Found a basalt altar of Yredelemnul.
   615 | D:4      | Noticed a weeping skull
   634 | D:5      | Entered Level 5 of the Dungeon
   706 | D:4      | Reached skill level 5 in Alchemy
   721 | D:4      | Reached XP level 5. HP: 11/31 MP: 1/11
  1014 | D:3      | Noticed Ijyb
  1050 | D:4      | Learned a level 4 spell: Sticky Flame
  1056 | D:4      | Found a stormy altar of Qazlal.
  1402 | D:5      | Reached skill level 6 in Alchemy
  1409 | D:5      | Reached XP level 6. HP: 27/36 MP: 10/12
  1438 | D:5      | Found a staircase to the Ecumenical Temple.
  1447 | D:5      | Reached skill level 1 in Fire Magic
  1783 | D:6      | Killed from afar by an orc priest

Illustrated notes

Levels and vault maps discovered:
D:1:      minmay_arrival_open_corners, layout_basic, minmay_misc_feat_cross,
          minmay_stone_trees_medium, minmay_hexomino_f4
D:2:      layout_rooms, hellmonk_ecumenical_altar_zigzags,
          mrwooster_statue_mirror
D:3:      layout_rooms, chei_slow_surprise, uniq_ijyb
D:4:      layout_layer_cave, yredelemnul_forgotten_temple_becter,
          mainiacjoe_overflow_alcove_4, amcnicky_mini_pool_small
D:5:      layout_loops_ring, minmay_temple_entry_sparse_star
D:6:      layout_basic, mainiacjoe_overflow_six_doors_small

Skill      XL: |  1  2  3  4  5  6 |
---------------+-------------------+-----
Alchemy        | 4 5 6 |  6.8
Spellcasting   | 3 |  3.8
Fire Magic     | 1 |  1.7
Dodging        | |  2.0
Stealth        | |  2.6
Conjurations   | |  1.0

Action                     |  1- 3 |  4- 6 || total
---------------------------+-------+-------++-------
  Melee: Dagger            |    21 |    48 ||    69
         Constrict         |     7 |    13 ||    20
         Tentacles         |     4 |    12 ||    16
   Cast: Sting             |    25 |    66 ||    91
         Olgreb's Toxic Ra |       |     1 ||     1
         Sticky Flame      |       |     1 ||     1
 Invoke: Curse Item        |     1 |     1 ||     2
   Stab: Sleeping          |     3 |       ||     3
 Armour: Skin              |    13 |    37 ||    50
  Dodge: Dodged            |    19 |    42 ||    61

Table legend: (Time is in decaauts)
 A = Elapsed time spent in this place.
 B = Non-inter-level travel time spent in this place.
 C = Inter-level travel time spent in this place.
 D = Time resting spent in this place.
 E = Time spent auto-exploring this place.
 F = Levels seen in this place.
 G = Mean time per level.
                   A        B        C        D        E       F      G
               +--------+--------+--------+--------+--------+-----+--------+
         Total |   1781 |   1653 |    128 |      0 |   1003 |   6 |  296.8 |
       Dungeon |   1781 |   1653 |    128 |      0 |   1003 |   6 |  296.8 |
               +--------+--------+--------+--------+--------+-----+--------+

Top non-repeatable levels by time:
     D:4: 809 daAuts
     D:5: 467 daAuts
     D:3: 211 daAuts
     D:2: 147 daAuts
     D:1: 133 daAuts
     D:6: 11 daAuts
